 Dungeon Crawl Stone Soup version 0.30-a0-1014-g3371b13838 (webtiles) character file.

Game seed: 18129403690519955799

3928 112233 the Destroyer (level 10, -12/61 HPs)
             Began as a Tengu Conjurer on Apr 6, 2023.
             Was a Believer of Vehumet.
             Mangled by a yak (15 damage)
             ... on level 8 of the Dungeon.
             The game lasted 00:11:09 (9767 turns).

112233 the Destroyer (Tengu Conjurer)               Turns: 9767, Time: 00:11:10

Health: -12/61     AC:  3    Str:  8    XL:     10   Next: 21%
Magic:  0/22       EV: 18    Int: 28    God:    Vehumet [**....]
Gold:   386        SH:  0    Dex: 13    Spells: 13/24 levels left

rFire   . . .      SeeInvis +    I - +5 falchion (freeze)
rCold   . . .      Faith    .    v - orb {light}
rNeg    . . .      Spirit   +    a - +0 robe
rPois   .          Reflect  .    (helmet restricted)
rElec   .          Rampage  .    y - +0 cloak
rCorr   .                        (no gloves)
Will    .....                    (boots unavailable)
Stlth   +                        A - amulet of guardian spirit
HPRegen 0.30/turn                k - +6 ring of intelligence
MPRegen 0.18/turn                C - ring of see invisible

@: flying quickly and evasively, glowing, quick
A: beak, talons 3, nimble flight
a: Renounce Religion


You were on level 8 of the Dungeon.
You worshipped Vehumet.
Vehumet was pleased with you.
You visited 1 branch of the dungeon, and saw 8 of its levels.

You collected 386 gold pieces.

Inventory:

Hand Weapons
 I - a +5 falchion of freezing (weapon)
Missiles
 E - a throwing net
Armour
 a - a +0 robe (worn)
 v - an orb of light (worn)
 y - a +0 cloak (worn)
Jewellery
 d - a ring of ice
 k - a +6 ring of intelligence (left hand)
 A - an amulet of guardian spirit (around neck)
 C - a ring of see invisible (right hand)
Wands
 r - a wand of acid (1)
 w - a wand of paralysis (3)
 z - a wand of roots (13)
 D - a wand of flame (13)
 F - a wand of polymorph (8)
 G - a wand of mindburst (16)
Scrolls
 b - 4 scrolls of fog
 g - 2 scrolls of poison
 h - a scroll of amnesia
 i - 4 scrolls of immolation
 j - a scroll of brand weapon {unknown}
 m - a scroll of vulnerability
 o - a scroll of teleportation
 s - 2 scrolls of enchant weapon {unknown}
 x - a scroll of blinking {unknown}
 B - 3 scrolls of silence
 H - 2 scrolls of identify
Potions
 c - a potion of berserk rage {unknown}
 e - a potion of attraction {unknown}
 f - 4 potions of brilliance
 l - a potion of curing
 n - 3 potions of lignification {unknown}
 p - 3 potions of degeneration {unknown}
 q - 2 potions of flight {unknown}
 t - 4 potions of heal wounds {unknown}
 u - a potion of haste {unknown}
 J - a potion of ambrosia {unknown}


   Skills:
 + Level 6.3 Fighting
 + Level 7.4 Dodging
 - Level 2.0 Stealth
 + Level 7.6 Spellcasting
 + Level 10.1 Conjurations
 + Level 5.1 Air Magic


You had 13 spell levels left.
You knew the following spells:

 Your Spells              Type           Power      Damage    Failure   Level
a - Magic Dart            Conj           100%       1d8       1%          1
b - Searing Ray           Conj           100%       2d8       1%          2
c - Airstrike             Air            19%        2d(3-19)  6%          4
d - Iskenderun's Mystic   Conj/Tloc      38%        2d9       6%          4

Your spell library contained the following spells:

 Spells                   Type           Power      Damage    Failure   Level
 Volatile Blastmotes      Fire/Tloc      20%        2d11      16%         3
 Shock                    Conj/Air       100%       1d9       1%          1
 Dazzling Flash           Conj/Hex       76%        N/A       1%          3
 Swiftness                Air            39%        N/A       1%          3
 Summon Small Mammal      Summ           40%        N/A       5%          1
 Fulminant Prism          Conj/Hex       19%        3d10      6%          4
 Sticky Flame             Conj/Fire      38%        2d6       6%          4
 Call Canine Familiar     Summ           10%        N/A       16%         3
 Frozen Ramparts          Ice            20%        1d4       16%         3
 Ignite Poison            Fire/Tmut/Pois 10%        N/A       16%         3
 Ozocubu's Armour         Ice            10%        N/A       16%         3
 Summon Guardian Golem    Hex/Summ       10%        N/A       16%         3
 Ice Form                 Ice/Tmut       10%        N/A       45%         4
 Summon Ice Beast         Ice/Summ       10%        N/A       45%         4
 Metabolic Englaciation   Hex/Ice        5%         N/A       82%         5
 Simulacrum               Ice/Necr       5%         N/A       100%        6
 Ignition                 Fire           5%         3d4       100%        8


Dungeon Overview and Level Annotations

Branches:
Dungeon (8/15)             Temple (0/1) D:4            Lair (0/5) D:8

Altars:
Fedhas
Hepliaklqana
Qazlal
Vehumet
Wu Jian
Xom

Shops:
D:4 *

Annotations:
D:3 exclusion: downstairs
D:7 1 runed translucent door, Crazy Yiuf


Innate Abilities, Weirdness & Mutations

You have a beak for a mouth.
You have claws for feet.
Your magical nature lets you fly swiftly and evasively.


Message History

Unknown command.
The helpless yak fails to defend itself.
You slash the yak! You freeze the yak.
You kill the yak!
Vehumet accepts your kill.
Unknown command.
You slash the yak! You freeze the yak. You claw the yak, but do no damage.
You peck the yak, but do no damage.
The yak is heavily wounded.
The yak gores you!
* * * LOW HITPOINT WARNING * * *
The yak misses you.
Unknown command.
Aiming: Paralyse
Press: ? - help, Shift-Dir - straight line, f - yak
Aim: a yak (heavily wounded, haloed, chance to affect: 49%)
The yak resists with some effort.
The yak gores you!
* * * LOW HITPOINT WARNING * * *
Unknown command.
Okay, then.
You feel better. The yak completely misses you.
You feel better. The yak barely misses you.
Unknown command.
Aiming: Paralyse
Press: ? - help, Shift-Dir - straight line, f/p - yak
Aim: a yak (heavily wounded, haloed, chance to affect: 49%)
The yak resists with some effort.
The yak gores you!
* * * LOW HITPOINT WARNING * * *
Unknown command.
Okay, then.
Aiming: Paralyse
Press: ? - help, Shift-Dir - straight line, f/p - yak
Aim: a yak (heavily wounded, haloed, chance to affect: 49%)
The yak resists with some effort.
The yak completely misses you.
Unknown command.
Aiming: Paralyse
Press: ? - help, Shift-Dir - straight line, f/p - yak
Aim: a yak (heavily wounded, haloed, chance to affect: 49%)
The yak resists with some effort.
The yak gores you!
You die...

#.#
#.#
#.#
#.#
#.#
#.#
#.#
#.#
...
#.#
.#.
#.#
. .
#.##
#..#
##@#
#Y#
#.#
#.#
#.#
#.#
#.#
#.#


You could see a yak.

Vanquished Creatures
  A kobold demonologist (D:8)
  A troll (D:6)
  Grinder (D:3)
  5 yaks (D:8)
  2 water moccasins
  An orc warrior (D:4)
  An ice beast (D:8)
  2 black bears
  2 ogres
  2 phantoms
  2 centaurs
  3 bullfrogs
  2 scorpions
  4 wights (D:7)
  3 hounds
  2 gnoll boudas (D:6)
  6 orc priests
  4 jellies
  2 sleepcaps
  2 iguanas
  4 orc wizards
  5 adders
  8 gnolls (D:6)
  A white imp (D:8)
  A worm (D:3)
  11 dart slugs
  19 orcs
  11 bats
  11 endoplasms
  4 giant cockroaches
  9 goblins
  9 hobgoblins
  10 jackals
  2 quokkas
  3 ball pythons
  7 frilled lizards
  6 kobolds
  6 rats
175 creatures vanquished.

Vanquished Creatures (others)
  23 plants (D:8)
23 creatures vanquished.

Grand Total: 198 creatures vanquished

Notes
Turn   | Place    | Note
-------+----------+-------------------------------------------
     0 | D:1      | 112233 the Tengu Conjurer began the quest for the Orb.
     0 | D:1      | Reached XP level 1. HP: 10/10 MP: 4/4
   195 | D:1      | Reached XP level 2. HP: 15/15 MP: 4/6
   740 | D:1      | Reached XP level 3. HP: 19/19 MP: 5/8
  1333 | D:1      | Learned a level 2 spell: Searing Ray
  1583 | D:2      | Identified the +2 leather armour of the Eternal Void {Harm
                  | Rampage Int+3}
  1749 | D:2      | Reached XP level 4. HP: 24/24 MP: 4/10
  2138 | D:2      | Found a faded altar of an unknown god.
  2188 | D:2      | Found an ornate altar of the Wu Jian Council.
  3485 | D:3      | Gained mutation: Your magical nature lets you fly swiftly
                  | and evasively. [Tengu growth]
  3485 | D:3      | Reached XP level 5. HP: 28/28 MP: 7/12
  3631 | D:3      | Found a hazy altar of Hepliaklqana.
  3631 | D:3      | Found a radiant altar of Vehumet.
  3750 | D:3      | Became a worshipper of Vehumet
  4037 | D:3      | Found a blossoming altar of Fedhas.
  4460 | D:3      | Noticed Grinder
  4467 | D:3      | Paralysed by Grinder for 5 turns
  4475 | D:3      | Killed Grinder
  4476 | D:3      | Reached skill level 1 in Fighting
  4476 | D:3      | Reached skill level 5 in Spellcasting
  4476 | D:3      | Reached skill level 6 in Conjurations
  4476 | D:3      | Reached XP level 6. HP: 15/35 MP: 2/14
  4771 | D:4      | Noticed an orc warrior
  4858 | D:4      | Reached XP level 7. HP: 40/40 MP: 13/15
  5131 | D:4      | Found Tejimim's CLEARANCE SALE!.
  5197 | D:4      | Found a staircase to the Ecumenical Temple.
  5221 | D:4      | Reached * piety under Vehumet
  5221 | D:4      | Offered knowledge of Freeze by Vehumet.
  5334 | D:4      | Reached skill level 7 in Conjurations
  5625 | D:5      | Entered Level 5 of the Dungeon
  5776 | D:5      | Reached XP level 8. HP: 39/46 MP: 10/17
  6740 | D:6      | Reached skill level 5 in Dodging
  6924 | D:6      | Found a stormy altar of Qazlal.
  6961 | D:6      | Noticed a troll
  6968 | D:6      | Killed a troll
  6969 | D:6      | Reached skill level 8 in Conjurations
  7294 | D:6      | Reached XP level 9. HP: 53/53 MP: 15/19
  7299 | D:6      | Learned a level 4 spell: Airstrike
  7371 | D:6      | Reached ** piety under Vehumet
  7374 | D:6      | Offered knowledge of Foxfire by Vehumet.
  7753 | D:7      | Reached skill level 5 in Fighting
  7753 | D:7      | Reached skill level 1 in Air Magic
  8092 | D:7      | Found a runed translucent door.
  8093 | D:7      | Noticed Crazy Yiuf
  8120 | D:7      | Reached skill level 9 in Conjurations
  8332 | D:7      | Learned a level 4 spell: Iskenderun's Mystic Blast
  8738 | D:8      | Noticed a kobold demonologist
  8745 | D:8      | Killed a kobold demonologist
  8919 | D:8      | Found a staircase to the Lair.
  8919 | D:8      | Noticed a fire crab
  9100 | D:8      | Offered knowledge of Volatile Blastmotes by Vehumet.
  9252 | D:8      | Found a shimmering altar of Xom.
  9744 | D:8      | Reached XP level 10. HP: 50/60 MP: 12/22
  9752 | D:8      | Reached skill level 10 in Conjurations
  9753 | D:8      | Reached skill level 5 in Air Magic
  9765 | D:8      | HP: 2/61 [yak (14)]
  9767 | D:8      | Mangled by a yak

Illustrated notes

Levels and vault maps discovered:
D:1:      minmay_arrival_doors, layout_basic
D:2:      layout_loops_corners, basic_altar, ebering_ecumenical_altar_hall
D:3:      kennysheep_slugbush, layout_basic, mainiacjoe_overflow_catwalk,
          gammafunk_temple_overflow_wave, uniq_grinder
D:4:      layout_rooms, minmay_temple_entry_hall, nicolae_shop_clearance
D:5:      layout_loops_ring, hangedman_decor_clover_reticule,
          hangedman_abyss_or_decor_passed, minivault_5, st_stairs_8,
          feat_on_display
D:6:      layout_basic, grunt_qazlal_sundering, serial_glass, glass_columns_b,
          glass_columns_c, item_on_display_a, minmay_strange_pillars,
          kennysheep_another_room
D:7:      layout_layer_cave, uniq_crazy_yiuf_cottage
D:8:      layout_loops_ring, mainiacjoe_overflow_chevrons,
          lemuel_coloured_pillars_altar, minmay_lair_entry_lava

Skill      XL: |  1  2  3  4  5  6  7  8  9 10 |
---------------+-------------------------------+-----
Spellcasting   | 3 4 5 6 7 |  7.6
Fighting       | 1 2 3 4 6 |  6.3
Dodging        | 3 4 5 7 |  7.4
Conjurations   | 6 7 8 9 10 | 10.1
Air Magic      | 4 5 |  5.1
Stealth        | |  2.0

Action                     |  1- 3 |  4- 6 |  7- 9 | 10-12 || total
---------------------------+-------+-------+-------+-------++-------
  Melee: Unarmed           |     3 |       |     1 |       ||     4
         Kick              |     2 |       |     2 |     2 ||     6
         Falchion          |       |       |     2 |     4 ||     6
         Peck              |       |       |     1 |     1 ||     2
   Cast: Magic Dart        |    80 |    93 |   185 |       ||   358
         Searing Ray       |       |    16 |    48 |     2 ||    66
         Airstrike         |       |       |     2 |       ||     2
  Evoke: Wand              |       |       |    14 |     5 ||    19
    Use: Potion            |       |       |     3 |     3 ||     6
         Scroll            |       |       |     8 |       ||     8
   Stab: Paralysed         |       |       |       |     3 ||     3
 Armour: Robe              |     6 |     4 |     5 |     1 ||    16
  Dodge: Dodged            |     7 |    29 |    75 |     7 ||   118

Table legend: (Time is in decaauts)
 A = Elapsed time spent in this place.
 B = Non-inter-level travel time spent in this place.
 C = Inter-level travel time spent in this place.
 D = Time resting spent in this place.
 E = Time spent auto-exploring this place.
 F = Levels seen in this place.
 G = Mean time per level.
                   A        B        C        D        E       F      G
               +--------+--------+--------+--------+--------+-----+--------+
         Total |   9443 |   9112 |    331 |   1430 |   6674 |   8 | 1180.4 |
       Dungeon |   9443 |   9112 |    331 |   1430 |   6674 |   8 | 1180.4 |
               +--------+--------+--------+--------+--------+-----+--------+

Top non-repeatable levels by time:
     D:2: 2022 daAuts
     D:3: 1392 daAuts
     D:1: 1340 daAuts
     D:8: 1033 daAuts
     D:6: 1011 daAuts
     D:5: 977 daAuts
     D:7: 904 daAuts
     D:4: 760 daAuts
